 Dungeon Crawl Stone Soup version 0.15-a0-1373-g9317ecd (webtiles) character file.

26 Bloax the Ruffian (level 3, -3/23 HPs)
             Began as a Gargoyle Monk on June 13, 2014.
             Killed by divine providence
             ... invoked by an orc priest
              (10 damage)
             ... on Level 4 of the Dungeon.
             The game lasted 00:01:50 (289 turns).

Bloax the Ruffian (Gargoyle Monk)                    Turns: 289, Time: 00:01:50

HP  -3/23        AC  8     Str 14      XL: 3   Next:  8%
MP   3/3         EV  9     Int 15      God:
Gold 23          SH  0     Dex 13      Spells:  1 memorised,  0 levels left

rFire  . . .     SeeInvis .       - Unarmed
rCold  . . .     Clarity  .     e - +0 ring mail
rNeg   + . .     rCorr    .     (no shield)
rPois  +         rRot     +     (no helmet)
rElec  +         Spirit   .     (no cloak)
SustAb .         Warding  .     (no gloves)
rMut   .         Stasis   .     (no boots)
Gourm  .                        (no amulet)
MR     .....                    (no ring)
                                (no ring)

@: brilliant, not resistant to hostile enchantments, very unstealthy
A: life protection 1, electricity resistance, unbreathing, petrification
resistance, rot immunity, AC +3
a: no special abilities


You were on level 4 of the Dungeon.
You were not hungry.

You visited 1 branch of the dungeon, and saw 4 of its levels.

You collected 23 gold pieces.


Innate Abilities, Weirdness & Mutations

You are resistant to torment.
You are immune to poison.
Your stone body is very resilient (AC +3).
You resist negative energy.
You are resistant to electric shocks.
You can survive without breathing.
You are immune to petrification.
You are immune to rotting.


   Skills:
 - Level 3.2 Fighting
 - Level 2.4 Dodging
 - Level 2.1 Stealth
 + Level 4.9 Unarmed Combat
 + Level 0.0 Hexes


You couldn't memorise any spells.
You knew the following spells:

 Your Spells              Type           Power        Failure   Level  Hunger
a - Confusing Touch       Hex            #.....       8%          2    ###....


Dungeon Overview and Level Annotations

Branches:
Dungeon (4/15)
 Temple: D:4-7

Altars:
Ashenzari

Annotations:
D:2 Sigmund

Inventory:

Armour
 e - a +0 ring mail (worn)
   (You found it on level 1 of the Dungeon)
Comestibles
 b - a bread ration
 i - a beef jerky
Scrolls
 a - 4 scrolls of teleportation {unknown}
 c - a scroll of noise {unknown}
Potions
 d - a potion of invisibility {unknown}
 h - a potion of heal wounds {unknown}

... .........
...........
#..o......%..
#.............
#..............
#...............
#...[oo..........
#.....@..........>
#.....)...........#
#.%...............#
#.................#
#.................#
#.................#
...............>..#
.................#
................#


You could see an orc priest, an orc wizard and an orc.


Message History

You kill the orc!
You have reached level 3!
Your experience leads to an increase in your attributes!
Increase (S)trength, (I)ntelligence, or (D)exterity?
You feel agile.
You now have 23 gold pieces (gained 8).
Things that are here:
a short sword; an orc corpse You see here a club.
There is a stone staircase leading down here.
You climb downwards.
A hobgoblin comes into view. It is wielding a club.
The hobgoblin shouts!
Found a metal-bound book.
Found a stone staircase leading down.
There is a stone staircase leading up here.
You see here a metal-bound book.
j - a book of Envenomations The hobgoblin hits you but does no damage.
You hit the hobgoblin.
You kill the hobgoblin!
No target in view!
No target in view!
No target in view!
Memorise Confusing Touch, consuming 2 spell levels and leaving 0?
You finish memorising.
Okay, then.
Drop what? (_ for help) (? for menu, Esc to quit)
You drop a book of Hinderance.
You drop a book of Envenomations.
Found a stone staircase leading down.
There are no items here.
Found a leather armour.
A kobold comes into view. It is wielding a dagger.
The kobold shouts!
Found a slice of pizza and a bread ration.
An orc and an orc wizard come into view.
The orc shouts!
You hit the kobold.
The kobold is heavily wounded.
The kobold hits you but does no damage.
You closely miss the kobold.
The kobold is heavily wounded.
The kobold hits you but does no damage.
You hit the kobold.
You kill the kobold!
An orc priest comes into view. It is wielding a falchion.
Things that are here:
a dagger; a kobold corpse The orc hits you but does no damage.
The orc priest looks braver.
You hit the orc wizard.
The orc wizard is moderately wounded.
The orc wizard hits you with a dagger. The orc closely misses you.
You hit the orc wizard but do no damage.
The orc wizard is moderately wounded.
The orc priest invokes the aid of Beogh against you.
Something smites you!
Ouch! That really hurt!
* * * LOW HITPOINT WARNING * * *
The orc wizard hits you but does no damage.
The orc hits you with a dagger.
* * * LOW HITPOINT WARNING * * *
Unknown command.
Unknown command.
Drink which item? (? for menu, Esc to quit)
You feel clever all of a sudden.
It was a potion of brilliance.
The orc priest mumbles some strange prayers to Beogh against you.
Something smites you!
You die...

Action                   || total
-------------------------++-------
Melee: Unarmed           ||    64
  Use: Potion            ||     1

Vault maps used:
D:1:      matt_arrival_refuge
D:2:      uniq_sigmund
D:3:      cheibrodos_ashenzari_chains, first_bread, uniq_grinder
D:4:      serial_shops, nicolae_shop_overgrown_old_shop, uniq_prince_ribbit1

Notes
Turn   | Place    | Note
--------------------------------------------------------------
     0 | D:1      | Bloax, the Gargoyle Monk, began the quest for the Orb.
     0 | D:1      | Reached XP level 1. HP: 14/14 MP: 1/1
   117 | D:2      | Noticed Sigmund
   139 | D:3      | Found a shattered altar of Ashenzari.
   164 | D:3      | Reached XP level 2. HP: 12/19 MP: 2/2
   238 | D:3      | Reached XP level 3. HP: 14/23 MP: 3/3
   272 | D:4      | Learned a level 2 spell: Confusing Touch
   289 | D:4      | Killed from afar by an orc priest

Vanquished Creatures
  An adder (D:3)
  2 giant geckos (D:3)
  An ooze (D:2)
  3 orcs (D:3)
  2 hobgoblins
  A kobold (D:4)
  A rat (D:1)
11 creatures vanquished.
